 Dungeon Crawl Stone Soup version 0.29-a0-919-gd064cfad1c (webtiles) character file.

Game seed: 5033924522401068352

5713 xian the Skirmisher (level 10, 0/76 HPs)
             Began as a Demonspawn Fighter on July 27, 2022.
             Was a Follower of Wu Jian.
             Slain by a yak (9 damage)
             ... on level 9 of the Dungeon.
             The game lasted 00:21:55 (7371 turns).

xian the Skirmisher (Demonspawn Fighter)            Turns: 7371, Time: 00:21:55

Health: 0/76       AC: 22    Str: 19    XL:     10   Next: 48%
Magic:  10/10      EV: 11    Int:  9    God:    Wu Jian [*.....]
Gold:   443        SH:  6    Dex: 21    Spells: 9/9 levels left

rFire   + + .      SeeInvis .   o - +6 mace of Eresoyd {vorpal, Will+ Stlth+}
rCold   + . .      Faith    .   c - +0 buckler
rNeg    . . .      Spirit   .   G - +3 scale mail {rF+}
rPois   .          Reflect  .   (no helmet)
rElec   .          Harm     .   A - scarf {rC+ rF+}
rCorr   .          Rampage  .   K - +2 pair of gloves
Will    +....                   (no boots)
Stlth   ++........              (no amulet)
HPRegen 0.22/turn               i - ring of Oenomania {Dex+6 Slay+3}
MPRegen 0.12/turn               l - ring of flight

@: lethally poisoned (0 -> -13), sanguine armoured, flying, slowed, very slow
A: ignite blood 1, spiny 1, sanguine armour 2, demonic touch 1
a: Renounce Religion


You were on level 9 of the Dungeon.
You worshipped Wu Jian.
Wu Jian was aware of your devotion.
You visited 2 branches of the dungeon, and saw 10 of its levels.
You also visited: Sewer.

You collected 443 gold pieces.

Inventory:

Hand Weapons
 o - the +6 mace of Eresoyd (weapon) {vorpal, Will+ Stlth+}
   (You found it on level 2 of the Dungeon)

   It inflicts extra damage upon your enemies.
   Will:      It increases your willpower.
   Stlth:     It makes you more stealthy.
 p - the +7 sling of Division {vorpal, rC+ Will- rCorr}
   (You found it on level 2 of the Dungeon)

   Any ammunition fired from it inflicts extra damage upon your enemies.
   rC:        It protects you from cold.
   rCorr:     It protects you from acid and corrosion.
   Will:      It decreases your willpower.
Missiles
 v - 5 atropa-tipped darts
 D - 2 boomerangs
 I - 10 poisoned darts
Armour
 c - a +0 buckler (worn)
 k - a +0 cloak
 A - a scarf of resistance (worn)
 G - a +3 scale mail of fire resistance (worn)
 K - a +2 pair of gloves (worn)
Jewellery
 e - a ring of poison resistance
 i - the ring of Oenomania (left hand) {Dex+6 Slay+3}
   (You acquired it on level 4 of the Dungeon)

   [ring of dexterity]

   Dex:       It affects your dexterity (+6).
   Slay:      It affects your accuracy & damage with ranged weapons and melee
   (+3).
 l - a ring of flight (right hand)
Wands
 q - a wand of flame (14)
 r - a wand of paralysis (10)
 C - a wand of acid (8)
 E - a wand of polymorph (8)
 F - a wand of mindburst (11)
Scrolls
 b - 3 scrolls of butterflies
 u - a scroll of enchant armour
 x - 2 scrolls of immolation
 J - a scroll of poison
Potions
 a - 2 potions of magic
 d - 2 potions of might
 g - a potion of lignification
 h - a potion of mutation
 j - a potion of invisibility {unknown}
 m - 10 potions of curing
 n - a potion of haste
 s - a potion of cancellation {unknown}
 t - 5 potions of brilliance
 w - 2 potions of attraction
 z - 2 potions of heal wounds {unknown}
Miscellaneous
 H - a piece from Xom's chessboard (15/15)


   Skills:
 + Level 5.6 Fighting
 - Level 1.8 Short Blades
 * Level 7.6 Maces & Flails
 * Level 8.9 Ranged Weapons
 + Level 5.7 Armour
 + Level 2.5 Dodging
 + Level 0.6 Stealth
 + Level 4.6 Shields


You had 9 spell levels left.
You didn't know any spells.
Your spell library contained the following spells:

 Spells                   Type           Power      Damage    Failure   Level
 Magic Dart               Conj           0%         1d3       82%         1
 Necrotise                Necr           0%         1d4       82%         1
 Summon Small Mammal      Summ           0%         N/A       82%         1
 Call Imp                 Summ           0%         N/A       91%         2
 Call Canine Familiar     Summ           0%         N/A       99%         3
 Confusing Touch          Hex            0%         N/A       99%         3
 Gell's Gravitas          Tloc           0%         N/A       99%         3
 Lesser Beckoning         Tloc           0%         N/A       99%         3
 Mephitic Cloud           Conj/Pois/Air  0%         N/A       99%         3
 Summon Guardian Golem    Hex/Summ       0%         N/A       99%         3
 Teleport Other           Tloc           0%         N/A       99%         3
 Vampiric Draining        Necr           0%         2d6       99%         3
 Agony                    Necr           0%         N/A       100%        5
 Yara's Violent Unravell  Hex/Tmut       0%         3d3       100%        5
 Enfeeble                 Hex            0%         N/A       100%        7


Dungeon Overview and Level Annotations

Branches:
Dungeon (9/15)             Temple (1/1) D:6            Lair (0/5) D:9
    Orc (0/2) D:9           Sewer (visited)

Altars:
Ashenzari
Cheibriados
Dithmenos
Fedhas
Gozag
Kikubaaqudgha
Makhleb
Nemelex Xobeh
Okawaru
Qazlal
Ru
Sif Muna
Trog
Uskayaw
Vehumet
Wu Jian
Xom
Yredelemnul

Shops:
D:2 =   D:8 (


Innate Abilities, Weirdness & Mutations

Your demonic aura sometimes causes spilled blood to erupt in flames.
You are partially covered in sharp spines.
When seriously injured, your blood forms thick armour. (AC +9)
Your touch may inflict minor irresistible damage on your foes.


Message History

You feel as though you will be slow longer.
The yak is struck by your spines. The yak barely misses you.
The hornet is struck by your spines.
The hornet stings you but does no damage.
The yak gores you. You block the orc's attack.
Unknown command.
Really read the scroll of poison?
The air fills with toxic fumes!
As you read the scroll of poison, it crumbles to dust.
You feel sick. The hornet barely misses you. The orc closely misses you.
You block the yak's attack. The hornet stings you!
Your blood congeals into armour.
You feel as though you will be slow longer.
You closely miss the hornet.
The hornet is lightly wounded.
You feel sick.
The hornet stings you but does no damage.
The orc hits you but does no damage.
The orc wizard mumbles some strange words.
The orc wizard flickers and vanishes!
Deactivating autopickup; reactivate with Ctrl-A.
The yak gores you but does no damage. The hornet stings you.
You feel as though you will be slow longer.
The yak is struck by your spines. The yak gores you.
You barely miss the hornet.
The hornet is lightly wounded.
You feel sick.
The hornet stings you but does no damage.
The hornet stings you.
You feel as though you will be slow longer.
The orc hits you with a +0 club.
The orc wizard hits you but does no damage.
The yak is struck by your spines. The yak gores you!
* * * LOW HITPOINT WARNING * * *
The hornet stings you!
* * * LOW HITPOINT WARNING * * *
You are lethally poisoned!
You feel as though you will be slow longer.
The yak is struck by your spines. The yak gores you!
You die...

*,≈,≈≈≈,,*,**,**********
*§P§§§§§§§§§,,,,,,,>,,,,
#,§§≈§§§§#§#*,§.,,,,,***
#P.§§§§§§§§#*§§,,,,,,* *
#§§♣§≈§§P§§#§o,,,,,,,***
#$§§§§§§§#§§.#,,,,,,,,**
#§P.§§♣§§§##§#,,*+***,**
**#§§♣§Yy§§§§#.##..,,,*,
**#§§@.o§#*#....##..#,
#§§o§§§###........#.
#§§§§§§§§§§.....?#.#
###§§§§§§§§####.##.#
#§§§§§§§§.....##.#
##§§§§§§§§...#(#...
#§§§§§§§§§.....#...
#§§§§§####.....#...
#.!...# #.##.#)#.#


You could see a yak, a hornet, an orc wizard and an orc.

Vanquished Creatures
  A two-headed ogre (D:9)
  Pikel (D:6)
  2 unseen horror zombies (D:9)
  An unseen horror skeleton (D:9)
  A wraith (D:9)
  4 yaks (D:9)
  Menkaure (D:6)
  An acid dragon (D:9)
  Duvessa (D:5)
  2 water moccasins
  2 sky beasts (D:6)
  2 ice beasts
  3 ogres
  2 centaurs
  A lemure (D:6)
  A phantom (D:6)
  4 bullfrogs
  A gnoll sergeant (D:5)
  2 scorpions
  Dowan (D:5)
  8 killer bees
  A howler monkey (D:7)
  2 hounds
  2 jellies (Sewer)
  3 orc priests
  3 gnoll boudas
  Ijyb (D:5)
  Natasha (D:2)
  Terence (D:2)
  An iguana (D:6)
  6 orc wizards
  A howler monkey zombie (D:9)
  19 gnolls
  12 adders
  A river rat (Sewer)
  A shadow imp (D:6)
  A howler monkey simulacrum (D:9)
  2 ufetubi
  A worm (D:2)
  2 dart slugs (D:5)
  10 orcs
  9 ball pythons
  5 bats
  5 endoplasms
  7 giant cockroaches
  9 goblins
  7 hobgoblins
  3 jackals (D:4)
  2 kobolds (D:1)
  4 quokkas
  6 frilled lizards
  3 rats
  2 butterflies (D:5)
175 creatures vanquished.

Vanquished Creatures (others)
  A withered plant (D:3)
1 creature vanquished.

Grand Total: 176 creatures vanquished

Notes
Turn   | Place    | Note
-------+----------+-------------------------------------------
     0 | D:1      | xian the Demonspawn Fighter began the quest for the Orb.
     0 | D:1      | Reached XP level 1. HP: 18/18 MP: 1/1
   294 | D:1      | Gained mutation: You are partially covered in sharp spines.
                  | [demonic ancestry]
   294 | D:1      | Reached XP level 2. HP: 23/24 MP: 2/2
   801 | D:2      | Identified the +6 mace of Eresoyd {vorpal, Will+ Stlth+}
   808 | D:2      | Found Fafraesa's Jewellery Boutique.
   913 | D:2      | Identified the +7 sling of Division {vorpal, rC+ Will-
                  | rCorr}
   958 | D:2      | Reached XP level 3. HP: 29/29 MP: 3/3
  1101 | D:2      | Noticed Terence
  1103 | D:2      | Noticed Natasha
  1107 | D:2      | Killed Terence
  1111 | D:2      | Reached skill level 1 in Maces & Flails
  1111 | D:2      | Gained mutation: When seriously injured, your blood forms
                  | armour. (AC +9) [demonic ancestry]
  1111 | D:2      | Reached XP level 4. HP: 35/35 MP: 4/4
  1113 | D:2      | Killed Natasha
  1475 | D:3      | Reached skill level 1 in Ranged Weapons
  1558 | D:3      | Reached XP level 5. HP: 40/41 MP: 5/5
  1808 | D:3      | Found a faded altar of an unknown god.
  2666 | D:4      | Identified a scroll of acquirement
  2666 | D:4      | Acquired the ring of Oenomania {Dex+6 Slay+3}
  2696 | D:4      | Found a glowing drain.
  2712 | D:4      | Noticed an ogre
  2713 | D:4      | Noticed an ice beast
  2715 | D:4      | Reached skill level 2 in Ranged Weapons
  2721 | Sewer    | Entered a sewer
  2812 | Sewer    | Reached XP level 6. HP: 39/47 MP: 6/6
  2881 | Sewer    | Reached skill level 3 in Ranged Weapons
  2882 | Sewer    | Found a viscous altar of Jiyva.
  2972 | D:4      | Killed an ice beast
  3335 | D:4      | Reached skill level 4 in Ranged Weapons
  3335 | D:4      | Gained mutation: Your demonic aura sometimes causes spilled
                  | blood to erupt in flames. [demonic ancestry]
  3335 | D:4      | Reached XP level 7. HP: 11/52 MP: 7/7
  3817 | D:5      | Entered Level 5 of the Dungeon
  3828 | D:5      | Noticed Ijyb
  3836 | D:5      | Killed Ijyb
  4138 | D:5      | Noticed Duvessa
  4143 | D:5      | Noticed Dowan
  4144 | D:5      | Killed Duvessa
  4148 | D:5      | Killed Dowan
  4267 | D:5      | Reached skill level 5 in Ranged Weapons
  4267 | D:5      | Reached XP level 8. HP: 60/60 MP: 8/8
  4493 | D:5      | Found a shimmering altar of Xom.
  4626 | D:5      | Reached skill level 6 in Ranged Weapons
  4834 | D:6      | Noticed Pikel
  4852 | D:6      | Killed Pikel
  4853 | D:6      | Reached skill level 7 in Ranged Weapons
  4853 | D:6      | Reached skill level 1 in Dodging
  4853 | D:6      | Gained mutation: When seriously injured, your blood forms
                  | thick armour. (AC +9) [demonic ancestry]
  4853 | D:6      | Reached XP level 9. HP: 42/66 MP: 9/9
  5215 | D:6      | Noticed Menkaure
  5225 | D:6      | Killed Menkaure
  5390 | D:6      | Reached skill level 5 in Maces & Flails
  5457 | D:6      | Found a staircase to the Ecumenical Temple.
  5466 | Temple   | Entered the Ecumenical Temple
  5648 | Temple   | Became a worshipper of the Wu Jian Council
  5845 | D:7      | Reached skill level 8 in Ranged Weapons
  5848 | D:7      | Reached skill level 5 in Fighting
  5999 | D:7      | Paralysed by a centaur for 4 turns
  6007 | D:7      | Reached skill level 5 in Armour
  6412 | D:8      | Found Ugikkih's Weapon Boutique.
  6423 | D:7      | Reached * piety under Wu Jian
  6618 | D:8      | You are sucked into a shaft and drop 1 floor!
  6659 | D:9      | Noticed a two-headed ogre
  6661 | D:9      | Killed a two-headed ogre
  6662 | D:9      | Gained mutation: Your touch may inflict minor irresistible
                  | damage on your foes. [demonic ancestry]
  6662 | D:9      | Reached XP level 10. HP: 74/74 MP: 10/10
  6901 | D:9      | Found a staircase to the Lair.
  7371 | D:9      | Slain by a yak

Illustrated notes

Levels and vault maps discovered:
D:1:      psy_arrival_basics, layout_basic
D:2:      layout_basic, serial_shops, nicolae_shop_behind_doors, uniq_terence,
          uniq_natasha
D:3:      layout_basic, shapermc_ecumenical_altar_flowoftime,
          kennysheep_big_empty_room
D:4:      minmay_chambers_of_fours, layout_rooms, gup_sewer_entry_glass
D:5:      layout_loops_ring, xom_butterflies, minmay_misc_feat_ornament,
          kennysheep_generic_room_9, uniq_duvessa, uniq_ijyb
D:6:      minmay_general_purpose_star, layout_loops_ring,
          minmay_temple_entry_statues_pillars, kennysheep_nub, uniq_pikel,
          uniq_menkaure
D:7:      layout_cave_pools, serial_bayou_pond_d, minmay_stone_trees_small
D:8:      layout_cave_pools, serial_shops, nicolae_shop_bloodbath_and_beyond
D:9:      nicolae_BIG_FREAKIN_CUBE, layout_basic, dpeg_oklobed_lair,
          hiddenorc1_lemuel, hangedman_weighted_door, serial_bayou_pond_b
Temple:   mainiacjoe_temple_starburst

Skill      XL: |  1  2  3  4  5  6  7  8  9 10 |
---------------+-------------------------------+-----
Armour         | 3 4 5 |  5.7
Shields        | 3 4 |  4.6
Maces & Flails | 1 2 3 4 6 7 |  7.6
Ranged Weapons | 1 2 4 5 7 8 |  8.9
Fighting       | 4 5 |  5.6
Dodging        | 1 2 |  2.5
Short Blades   | |  1.8
Stealth        | |  0.6

Action                   |  1- 3 |  4- 6 |  7- 9 | 10-12 || total
-------------------------+-------+-------+-------+-------++-------
Melee: Rapier            |    34 |       |       |       ||    34
       Mace              |    11 |    46 |    91 |    61 ||   209
 Fire: Sling             |     9 |    47 |   109 |     3 ||   168
Invok: Lunge             |       |       |     2 |     3 ||     5
       Whirlwind         |       |       |       |     3 ||     3
  Use: Scroll            |       |    11 |     9 |     3 ||    23
Armor: Scale mail        |    15 |       |    52 |    37 ||   104
       Chain mail        |     4 |    28 |    15 |       ||    47
Dodge: Dodged            |    12 |    13 |    71 |    35 ||   131
Block: Buckler           |    16 |    13 |    54 |    17 ||   100

Table legend: (Time is in decaauts)
 A = Elapsed time spent in this place.
 B = Non-inter-level travel time spent in this place.
 C = Inter-level travel time spent in this place.
 D = Time resting spent in this place.
 E = Time spent auto-exploring this place.
 F = Levels seen in this place.
 G = Mean time per level.
                   A        B        C        D        E       F      G
               +--------+--------+--------+--------+--------+-----+--------+
         Total |   7490 |   7305 |    185 |      0 |   5717 |  11 |  680.9 |
       Dungeon |   6988 |   6854 |    134 |      0 |   5396 |   9 |  776.4 |
        Temple |    238 |    187 |     51 |      0 |    169 |   1 |  238.0 |
         Sewer |    263 |    263 |      0 |      0 |    152 |   1 |  263.0 |
               +--------+--------+--------+--------+--------+-----+--------+

Top non-repeatable levels by time:
     D:3: 1234 daAuts
     D:5: 1010 daAuts
     D:4: 938 daAuts
     D:6: 810 daAuts
     D:7: 776 daAuts
     D:2: 771 daAuts
     D:9: 762 daAuts
     D:1: 676 daAuts
   Sewer: 263 daAuts
  Temple: 238 daAuts
     D:8: 8 daAuts
